 Dungeon Crawl Stone Soup version 0.24-a0-464-g6b2be6b8c7 (webtiles) character file.

Game seed: 11527697837301056925

175 DoctorLOL the Skirmisher (level 5, -2/47 HPs)
             Began as a Hill Orc Fighter on July 3, 2019.
             Killed from afar by Natasha (8 damage)
             ... with a magic dart
             ... on level 3 of the Dungeon.
             The game lasted 00:29:07 (2016 turns).

DoctorLOL the Skirmisher (Hill Orc Fighter)         Turns: 2016, Time: 00:29:08

Health: -2/47      AC:  8    Str: 19    XL:     5   Next: 55%
Magic:  5/5        EV:  5    Int:  9    God:
Gold:   49         SH: 14    Dex: 10    Spells: 4/4 levels left

rFire    . . .     SeeInvis .   a - +1 rapier
rCold    . . .     Gourm    .   o - +0 large shield
rNeg     . . .     Faith    .   b - +0 scale mail
rPois    .         Spirit   .   c - +0 helmet
rElec    .         Reflect  .   (no cloak)
rCorr    .         Harm     .   (no gloves)
MR       .....                  (no boots)
Stlth    ..........             (no amulet)
HPRegen  0.15/turn              (no ring)
MPRegen  0.09/turn              (no ring)

@: no status effects
A: no striking features
a: no special abilities


You were on level 3 of the Dungeon.
You were not hungry.

You visited 1 branch of the dungeon, and saw 3 of its levels.

You collected 49 gold pieces.

Inventory:

Hand Weapons
 a - a +1 rapier (weapon)
 e - a +0 dagger
 g - a +0 dagger
Armour
 b - a +0 scale mail (worn)
 c - a +0 helmet (worn)
 i - a +0 robe
 o - a +0 large shield (worn)
Scrolls
 h - a scroll of fog {unknown}
Potions
 d - a potion of might
 j - a potion of haste {unknown}
 k - 2 potions of mutation {unknown}
 m - a potion of lignification {unknown}
 n - a potion of brilliance {unknown}
Comestibles
 f - a ration


   Skills:
 + Level 4.7 Fighting
 + Level 3.4 Short Blades
 + Level 3.8 Armour
 + Level 0.6 Dodging
 + Level 4.4 Shields


You had 4 spell levels left.
You didn't know any spells.
Your spell library was empty.

Dungeon Overview and Level Annotations

Branches:
Dungeon (3/15)

Altars:
Cheibriados
Hepliaklqana
Kikubaaqudgha
Nemelex Xobeh
Qazlal
Sif Muna
Trog

Annotations:
D:3 Natasha


Message History

You puncture the iron imp!
You kill the iron imp!
You block Natasha's attack.
Natasha stares at you and mumbles some strange words.
The magic dart hits you!
* * * LOW HITPOINT WARNING * * *
The crimson imp hits you but does no damage.
The crimson imp blinks!
Natasha mumbles some strange words.
Found a stone staircase leading down.
Natasha stares at you and mumbles some strange words.
The magic dart hits you.
* * * LOW HITPOINT WARNING * * *
The crimson imp blinks!
The shadow imp disappears in a puff of smoke!
Natasha mumbles some strange words.
You feel troubled. Natasha casts a spell at you. The magic dart hits you!
You die...

..#....#.....#...###.....#.#
..#....#.....#...# #.....#.#
## ..#....#.........#
#.....#.# #.
.)######.........###.....#.#
#. ..###
#.................#.# #.
#...# ######............#.#
#. #...# #............#.# #.
#...#########.......# #.# #.
'..§......5.....@...####
#.#####.
#.....######.h..........
#.......
#...#.##...#............
#######.
#......'...'.....###.... #.
#......#...#.##### #.... #.
####.#.#...#.. .##.... #.
####.#.....#..
.......########†
...#.##....#..
...........†....
...#.##.####..#
#.......########


You could see Natasha and a white imp.

Vanquished Creatures
  Natasha (twice) (D:3)
  5 adders
  An ooze (D:3)
  2 worms (D:3)
  3 dart slugs
  3 leopard geckos (D:3)
  7 bats
  5 giant cockroaches
  6 goblins
  6 hobgoblins
  4 frilled lizards
  9 kobolds
  8 rats
61 creatures vanquished.

Notes
Turn   | Place    | Note
-------+----------+-------------------------------------------
     0 | D:1      | DoctorLOL the Hill Orc Fighter began the quest for the Orb.
     0 | D:1      | Reached XP level 1. HP: 19/19 MP: 1/1
    68 | D:1      | Reached XP level 2. HP: 19/27 MP: 2/2
   458 | D:2      | Reached XP level 3. HP: 28/34 MP: 3/3
   495 | D:2      | Found an ancient bone altar of Kikubaaqudgha.
   496 | D:2      | Found a bloodstained altar of Trog.
   497 | D:2      | Found a deep blue altar of Sif Muna.
   499 | D:2      | Found a snail-covered altar of Cheibriados.
   499 | D:2      | Found a stormy altar of Qazlal.
   736 | D:2      | Found a hazy altar of Hepliaklqana.
   743 | D:2      | Reached XP level 4. HP: 41/41 MP: 4/4
  1536 | D:3      | Noticed Natasha
  1565 | D:3      | Killed Natasha
  1598 | D:3      | Reached XP level 5. HP: 14/47 MP: 5/5
  1812 | D:3      | Found a sparkling altar of Nemelex Xobeh.
  1890 | D:3      | Noticed Natasha
  1898 | D:3      | Killed Natasha
  1971 | D:3      | Noticed Natasha
  2016 | D:3      | Killed from afar by Natasha

Levels and vault maps discovered:
D:1:      minmay_arrival_checkered_box, layout_rooms, serial_bayou_lake_a
D:2:      layout_basic, overflow_temple_1_default, grunt_temple_overflow_open,
          first_ration
D:3:      layout_basic, nemelex_diamond_rough_becter, uniq_natasha

Skill      XL: |  1  2  3  4 |
---------------+-------------+-----
Fighting       | 4 |  4.7
Short Blades   | 3 |  3.4
Shields        | 4 |  4.4
Armour         | |  3.8
Dodging        | |  0.6

Action                   |  1- 3 |  4- 6 || total
-------------------------+-------+-------++-------
Melee: Rapier            |    97 |   142 ||   239
  Use: Scroll            |     3 |     2 ||     5
       Potion            |     1 |       ||     1
  Eat: Ration            |       |     2 ||     2
Armor: Scale mail        |    31 |    42 ||    73
Dodge: Dodged            |    42 |    25 ||    67
Block: Shield            |    40 |    21 ||    61
       Large shield      |       |    75 ||    75

Table legend:
 A = Non-vault XP
 B = Vault XP
 C = Vault XP percentage of total XP
 D = Non-vault monster count
 E = Vault monster count
 F = Vault count percentage of total count
                 A         B        C        D         E       F
            +---------+---------+-------+---------+---------+-------
      Total |     215 |      35 |  14.0 |      60 |       1 |   1.6
            +---------+---------+-------+---------+---------+-------
        D:1 |      33 |       0 |   0.0 |      16 |       0 |   0.0
        D:2 |      58 |       0 |   0.0 |      19 |       0 |   0.0
        D:3 |     124 |      35 |  22.0 |      25 |       1 |   3.8
            +---------+---------+-------+---------+---------+-------
